 Dungeon Crawl Stone Soup version 0.29.1-1-gd02db6906a (webtiles) character file.

Game seed: 17765134499798591173

41016 passata the Eclecticist (level 13, -2/73 HPs)
             Began as a Deep Elf Necromancer on Oct 7, 2022.
             Was a High Priest of Kikubaaqudgha.
             Slain by a deep troll shaman (3 damage)
             ... on level 5 of the Lair of Beasts on Oct 10, 2022.
             The game lasted 02:20:34 (16527 turns).

passata the Eclecticist (Deep Elf Necromancer)     Turns: 16527, Time: 02:20:34

Health: -2/73      AC: 15    Str:  5    XL:     13   Next: 77%
Magic:  17/35      EV: 16    Int: 28    God:    Kikubaaqudgha [*****.]
Gold:   1069       SH:  5    Dex: 15    Spells: 16/45 levels left

rFire   . . .      SeeInvis .   d - +5 dagger of the Magi {vamp, Int+2}
rCold   . . .      Faith    .   R - +0 buckler
rNeg    + . .      Spirit   .   L - +0 steam dragon scales
rPois   .          Reflect  .   f - +2 helmet
rElec   .          Harm     .   Q - +0 cloak
rCorr   .          Rampage  .   k - +0 pair of gloves
Will    +....                   (no boots)
Stlth   ++++......              M - amulet of regeneration
HPRegen 1.02/turn               j - +4 ring of protection
MPRegen 0.24/turn               D - ring of positive energy

@: animating dead
A: no striking features
a: Renounce Religion, Unearth Wretches, Torment


You were on level 5 of the Lair of Beasts.
You worshipped Kikubaaqudgha.
Kikubaaqudgha was extremely pleased with you.
You visited 3 branches of the dungeon, and saw 17 of its levels.
You also visited: Bailey.

You collected 1069 gold pieces.

Inventory:

Hand Weapons
 d - the +5 dagger of the Magi (weapon) {vamp, Int+2}
   (You found it on level 5 of the Dungeon)

   It occasionally heals its wielder for a portion of the damage dealt when it
   wounds a living foe.
   Int:       It affects your intelligence (+2).
 J - a +2 short sword of distortion
 W - a +0 arbalest of freezing
Missiles
 A - 4 curare-tipped darts (quivered)
 F - 2 boomerangs of dispersal
 S - 9 datura-tipped darts
Armour
 f - a +2 helmet (worn)
 k - a +0 pair of gloves (worn)
 p - an orb of energy
 s - a +2 robe of positive energy
 y - +0 acid dragon scales
 L - +0 steam dragon scales (worn)
 P - a +2 leather armour of cold resistance
 Q - a +0 cloak (worn)
 R - a +0 buckler (worn)
 V - a +2 leather armour of fire resistance
Magical Staves
 i - a staff of fire
Jewellery
 e - an amulet of reflection
 j - a +4 ring of protection (left hand)
 n - the amulet of the Shrieking God {Reflect +Blink Fly rC+++ Dex-5 SH+5}
   (You found it on level 1 of the Lair of Beasts)

   [amulet of reflection]

   It reflects blocked missile attacks.
   Dex:       It affects your dexterity (-5).
   rC:        It renders you almost immune to cold.
   Fly:       It grants you flight.
   +Blink:    It lets you blink.
   SH:        It affects your SH (+5).
 D - a ring of positive energy (right hand)
 M - an amulet of regeneration (around neck)
 N - the ring of Kumour {rElec rC+ Int+3 Dex-4 SInv}
   (You found it on level 2 of the Lair of Beasts)

   [ring of protection from cold]

   Int:       It affects your intelligence (+3).
   Dex:       It affects your dexterity (-4).
   rC:        It protects you from cold.
   rElec:     It insulates you from electricity.
   SInv:      It lets you see invisible.
 T - a ring of positive energy
Wands
 m - a wand of polymorph (7)
 U - a wand of roots (10)
 X - a wand of charming (2)
Scrolls
 a - 5 scrolls of teleportation
 c - 6 scrolls of magic mapping
 o - 5 scrolls of enchant weapon
 q - 4 scrolls of blinking
 r - 2 scrolls of enchant armour
 v - 6 scrolls of vulnerability
 w - 6 scrolls of fear
 x - a scroll of silence
 C - a scroll of immolation {unknown}
 E - 3 scrolls of brand weapon
 H - a scroll of acquirement
 K - a scroll of amnesia {unknown}
 O - 2 scrolls of fog {unknown}
 Y - a scroll of poison {unknown}
Potions
 b - 3 potions of magic
 g - 6 potions of haste
 h - 2 potions of invisibility
 l - 3 potions of heal wounds
 t - a potion of might
 u - a potion of berserk rage {unknown}
 z - 2 potions of cancellation
 B - a potion of resistance {unknown}
 G - a potion of lignification {unknown}
 I - a potion of flight {unknown}
 Z - 2 potions of curing


   Skills:
 + Level 5.4 Fighting
 - Level 4.0 Short Blades
 - Level 4.2 Ranged Weapons
 + Level 3.5 Armour
 + Level 8.6 Dodging
 + Level 9.3 Stealth
 + Level 3.5 Shields
 * Level 16.9 Spellcasting
 * Level 16.1 Necromancy
 - Level 7.0 Poison Magic


You had 16 spell levels left.
You knew the following spells:

 Your Spells              Type           Power      Damage    Failure   Level
a - Sublimation of Blood  Necr           85%        N/A       0%          2
b - Dispel Undead         Necr           85%        3d27      1%          4
c - Death Channel         Necr           42%        N/A       1%          6
k - Animate Dead          Necr           85%        N/A       1%          4
l - Agony                 Necr           85%        N/A       1%          5
n - Necrotise             Necr           100%       1d9       0%          1
p - Olgreb's Toxic Radia  Pois           58%        N/A       1%          4
s - Vampiric Draining     Necr           85%        2d12      0%          3

Your spell library contained the following spells:

 Spells                   Type           Power      Damage    Failure   Level
 Anguish                  Hex/Necr       31%        N/A       1%          4
 Corpse Rot               Necr/Pois/Air  61%        N/A       1%          4
 Freeze                   Ice            92%        1d10      2%          1
 Summon Small Mammal      Summ           92%        N/A       2%          1
 Borgnjor's Vile Clutch   Necr/Erth      31%        N/A       2%          5
 Ignite Poison            Fire/Tmut/Pois 36%        N/A       3%          3
 Static Discharge         Conj/Air       23%        3-6/arc   4%          2
 Call Canine Familiar     Summ           23%        N/A       8%          3
 Conjure Flame            Conj/Fire      23%        6-21      8%          3
 Frozen Ramparts          Ice            46%        1d7       8%          3
 Portal Projectile        Hex/Tloc       46%        N/A       8%          3
 Summon Guardian Golem    Hex/Summ       23%        N/A       8%          3
 Tukima's Dance           Hex            23%        N/A       8%          3
 Simulacrum               Ice/Necr       31%        N/A       14%         6
 Hailstorm                Conj/Ice       23%        3d7       26%         4
 Leda's Liquefaction      Hex/Erth       11%        N/A       26%         4
 Passage of Golubria      Tloc           23%        N/A       26%         4
 Sticky Flame             Conj/Fire      23%        2d4       26%         4
 Yara's Violent Unravell  Hex/Tmut       11%        3d6       58%         5
 Orb of Destruction       Conj           11%        9d6       100%        7
 Ozocubu's Refrigeration  Ice            11%        4d10      100%        7
 Spellforged Servitor     Conj/Summ      11%        N/A       100%        7
 Ignition                 Fire           11%        3d5       100%        8


Dungeon Overview and Level Annotations

Branches:
Dungeon (11/15)            Temple (1/1) D:4            Lair (5/5) D:8
  Swamp (0/4) Lair:2       Spider (0/4) Lair:3        Slime (0/5) Lair:4
    Orc (0/2) D:10         Bailey (visited)

Altars:
Ashenzari
Cheibriados
Dithmenos
Elyvilon
Fedhas
Gozag
Hepliaklqana
Kikubaaqudgha
Makhleb
Nemelex Xobeh
Okawaru
Qazlal
Ru
Sif Muna
Trog
Uskayaw
Vehumet
Wu Jian
Xom
Yredelemnul
Zin
The Shining One
Jiyva

Shops:
D:4 (


Message History

A deep troll shaman is nearby!
Found a human skeleton.
Your unholy channel expires.
Your spectral death yak fades into mist! x3
A five-headed hydra comes into view.
Press: ? - help, v - describe, . - travel
Here: a deep troll shaman (ally target)
The floor.
Found an elf skeleton and a dwarf skeleton.
Your death yak zombie gores the deep troll shaman but does no damage.
You swap places.
The deep troll shaman closely misses you.
You block the deep troll shaman's attack.
The deep troll shaman misses you.
Your death yak zombie gores the deep troll shaman!
Casting: Sublimation of Blood (safe; 0% risk of failure)
Confirm with . or Enter, or press ? or * to list all spells.
Aiming: Agony (safe; 1% risk of failure)
Press: ? - help, Shift-Dir - straight line, f - deep troll shaman
Aim: a deep troll shaman (lightly wounded, ally target, chance to affect: 99%)
The deep troll shaman convulses!
You block the deep troll shaman's attack.
The deep troll shaman claws you!
* * * LOW HITPOINT WARNING * * *
The deep troll shaman completely misses you.
Your death yak zombie gores the deep troll shaman but does no damage.
Unknown command.
Casting: Agony (safe; 1% risk of failure)
Confirm with . or Enter, or press ? or * to list all spells.
Aiming: Vampiric Draining (safe; 0% risk of failure)
Press: ? - help, Shift-Dir - straight line, f/p - deep troll shaman
Aim: a deep troll shaman (heavily wounded, ally target)
You draw life force from the deep troll shaman.
You feel life coursing into your body. The deep troll shaman bites you!
* * * LOW HITPOINT WARNING * * *
The deep troll shaman claws you!
* * * LOW HITPOINT WARNING * * *
The deep troll shaman claws you.
You die...
Kikubaaqudgha rasps: "You have failed me!
Welcome... death!"

..### .## #### .#
....## ## ÷.8... .# #
...8.# ..# # #..÷. ..#
## #....##P.# .#
#..TZ##.# †##
##.ZZ@.#.# †.###
.#..DZ.÷..## #...###
÷......÷Z..P#
#.....###.÷...###....##
##......#######Z.Z....#
##♣.÷........ZZ##..###
#...........######
#######....## ######


You could see a five-headed hydra, a deep troll shaman (ally target), 5 friendly
death yak zombies and a friendly catoblepas zombie.

Vanquished Creatures
  A fire dragon (D:10)
  A boulder beetle (Lair:2)
  2 hydras
  A catoblepas (Lair:5)
  The ghost of KamiKatze the Cleaver, a novice PaBe of Trog (D:9)
  4 death yaks
  Sonja (D:11)
  A manticore (D:8)
  A cyclops (D:11)
  An elephant (Lair:4)
  A black mamba (Lair:5)
  3 cane toads
  A rime drake (Lair:1)
  2 kobold demonologists (Bailey)
  3 komodo dragons
  A polar bear (D:8)
  A tyrant leech (Lair:2)
  3 blink frogs
  4 dream sheep
  Sigmund (D:2)
  A culicivora (Lair:3)
  A shadow (D:10)
  5 wyverns
  A hog (D:8)
  Eustachio (D:8)
  3 steam dragons
  12 yaks
  2 vampire mosquitoes (D:11)
  Menkaure (D:7)
  9 water moccasins
  2 acid dragons
  17 orc warriors
  An ice beast (D:6)
  A sky beast (D:8)
  7 black bears
  12 wolves
  3 centaurs
  A phantom (D:5)
  Blork the orc (D:8)
  2 kobold brigands (D:11)
  7 bullfrogs
  3 scorpions (D:5)
  A gnoll sergeant (D:7)
  12 wights
  6 electric eels
  4 howler monkeys
  3 hounds
  4 jellies
  6 orc priests
  4 iguanas
  11 orc wizards
  9 gnolls
  2 adders
  2 shadow imps
  2 white imps (D:6)
  An ufetubus (D:6)
  2 worms
  51 orcs
  6 bats
  6 endoplasms
  3 giant cockroaches
  6 goblins
  9 hobgoblins
  10 jackals
  3 quokkas (D:1)
  10 ball pythons
  4 frilled lizards
  14 kobolds
  3 rats
321 creatures vanquished.

Vanquished Creatures (collateral kills)
  2 hydras
  7 death yaks
  An oklob plant (Lair:2)
  A black mamba (Lair:4)
  5 elephants (Lair:4)
  5 cane toads
  A gargoyle (D:11)
  A komodo dragon (Lair:3)
  2 rime drakes
  4 polar bears (D:8)
  A troll (D:10)
  A tyrant leech (Lair:2)
  4 dream sheep (Lair:4)
  9 blink frogs
  7 yaks
  Grum (D:9)
  A vampire mosquito (D:11)
  A basilisk (Lair:2)
  An acid dragon (D:10)
  6 water moccasins
  3 black bears
  An orc warrior (Bailey)
  5 wolves
  2 kobold brigands (D:9)
  6 bullfrogs
  A gnoll sergeant (D:9)
  A scorpion (D:8)
  2 wights (D:8)
  3 killer bees (D:9)
  An electric eel (D:9)
  A howler monkey (D:7)
  A jelly (Lair:4)
  An orc priest (D:11)
  2 orc wizards
  6 gnolls
  A shadow imp (D:6)
  A dart slug (D:1)
  12 orcs
  A ball python (D:3)
  An endoplasm (D:3)
  4 goblins (Bailey)
  3 hobgoblins (Bailey)
  8 kobolds
  A frilled lizard (D:1)
  A spectral kobold (D:11)
130 creatures vanquished.

Vanquished Creatures (others)
  A deep elf pyromancer (D:9)
  A yaktaur (D:9)
  2 hydra zombies
  A fire dragon zombie (D:10)
  A black mamba zombie (Lair:5)
  An ice beast (D:9)
  4 dream sheep zombies
  A vampire mosquito zombie (D:11)
  A wyvern zombie (D:8)
  5 water moccasin zombies
  6 yak zombies
  5 wolf zombies
  4 bullfrog zombies
  4 black bear zombies (D:8)
  2 howler monkey zombies (D:7)
  5 gnoll zombies
  An adder (D:7)
  An iguana zombie (D:6)
  3 jelly zombies
  An adder zombie (D:6)
  2 goblins (D:7)
  4 goblin zombies
  5 kobold zombies
  47 orc zombies
  80 fungi
  122 plants
310 creatures vanquished.

Grand Total: 761 creatures vanquished

Notes
Turn   | Place    | Note
-------+----------+-------------------------------------------
     0 | D:1      | passata the Deep Elf Necromancer began the quest for the
                  | Orb.
     0 | D:1      | Reached XP level 1. HP: 10/10 MP: 6/6
   261 | D:1      | Reached skill level 5 in Necromancy
   369 | D:2      | Reached XP level 2. HP: 15/15 MP: 6/8
   431 | D:2      | Noticed Sigmund
   525 | D:1      | Found a faded altar of an unknown god.
   728 | D:1      | Reached XP level 3. HP: 17/19 MP: 8/10
  1161 | D:1      | Learned a level 3 spell: Vampiric Draining
  1326 | D:2      | Killed Sigmund
  1327 | D:2      | Reached skill level 1 in Ranged Weapons
  1327 | D:2      | Reached skill level 5 in Spellcasting
  1327 | D:2      | Reached XP level 4. HP: 18/24 MP: 1/13
  1327 | D:2      | Reached XP level 5. HP: 22/28 MP: 1/14
  1775 | D:2      | Learned a level 4 spell: Animate Dead
  1781 | D:2      | Learned a level 5 spell: Agony
  2915 | D:4      | Found an iron altar of Okawaru.
  2957 | D:4      | Reached XP level 6. HP: 32/32 MP: 16/16
  3126 | D:4      | Found a staircase to the Ecumenical Temple.
  3132 | Temple   | Entered the Ecumenical Temple
  3275 | Temple   | Became a worshipper of Kikubaaqudgha
  3396 | D:4      | Found Luruz's Firing Range.
  3676 | D:4      | Found a stormy altar of Qazlal.
  3742 | D:5      | Entered Level 5 of the Dungeon
  3991 | D:5      | Reached skill level 1 in Fighting
  3991 | D:5      | Reached XP level 7. HP: 38/38 MP: 18/18
  3999 | D:5      | Identified the +5 dagger of the Magi {vamp, Int+2}
  4763 | D:6      | Noticed Maggie
  4765 | D:6      | Noticed Maggie
  4765 | D:6      | Maggie changed into Maggie the worm
  4766 | D:6      | Noticed a steam dragon
  4776 | D:6      | Killed Maggie the worm
  4792 | D:6      | Killed a steam dragon
  4793 | D:6      | Reached XP level 8. HP: 40/43 MP: 4/20
  5076 | D:6      | Reached skill level 1 in Short Blades
  5245 | D:6      | Reached skill level 5 in Stealth
  5532 | D:7      | Noticed Menkaure
  5544 | D:7      | Killed Menkaure
  5545 | D:7      | Reached skill level 5 in Dodging
  5739 | D:7      | Reached XP level 9. HP: 16/49 MP: 3/23
  5743 | D:7      | Reached * piety under Kikubaaqudgha
  5743 | D:7      | Received a gift from Kikubaaqudgha
  6145 | D:7      | HP: 2/43 [wight/+3 long sword (9)]
  6283 | D:7      | Found an ornate altar of the Wu Jian Council.
  6332 | D:7      | Found a sacrificial altar of Ru.
  6705 | D:8      | Found a flagged portal.
  6739 | Bailey   | Entered a bailey
  7012 | Bailey   | Noticed a kobold demonologist
  7037 | Bailey   | Killed a kobold demonologist
  7044 | Bailey   | Found an iron altar of Okawaru.
  7052 | Bailey   | Noticed a kobold demonologist
  7062 | Bailey   | Noticed a sun demon
  7063 | Bailey   | Killed a kobold demonologist
  7078 | Bailey   | Learned a level 4 spell: Olgreb's Toxic Radiance
  7250 | Bailey   | Reached skill level 1 in Poison Magic
  7618 | Bailey   | Learned a level 2 spell: Sublimation of Blood
  7751 | D:8      | Reached XP level 10. HP: 56/56 MP: 11/25
  7779 | D:8      | Found a huge runed translucent gate.
  7779 | D:8      | Found a huge runed translucent gate.
  7779 | D:8      | Found a huge runed translucent gate.
  7779 | D:8      | Found a huge runed translucent gate.
  7779 | D:8      | Noticed a manticore
  8027 | D:8      | Reached skill level 10 in Necromancy
  8038 | D:8      | Reached skill level 10 in Spellcasting
  8043 | D:8      | Reached ** piety under Kikubaaqudgha
  8066 | D:8      | Found a staircase to the Lair.
  8304 | D:8      | Found a shadowy altar of Dithmenos.
  8307 | D:8      | Found a sparkling altar of Nemelex Xobeh.
  8431 | D:8      | Noticed Blork the orc
  8444 | D:8      | Killed Blork the orc
  8444 | D:8      | Noticed Eustachio
  8462 | D:8      | Your ally Blork died
  8465 | D:8      | Killed Eustachio
  8592 | D:8      | Reached skill level 5 in Poison Magic
  9105 | D:8      | Reached *** piety under Kikubaaqudgha
  9105 | D:8      | Received a gift from Kikubaaqudgha
  9106 | D:8      | Reached XP level 11. HP: 60/60 MP: 12/28
  9200 | D:8      | Learned a level 4 spell: Dispel Undead
  9207 | D:8      | Learned a level 6 spell: Death Channel
  9461 | D:9      | Noticed Grum
  9472 | D:9      | Killed Grum
  9738 | D:9      | Found a large runed translucent door.
  9738 | D:9      | Found a large runed translucent door.
  9740 | D:9      | Noticed KamiKatze's ghost (novice PaBe)
 10019 | D:9      | Killed KamiKatze's ghost
 10135 | D:10     | Entered Level 10 of the Dungeon
 10229 | D:10     | Found a staircase to the Orcish Mines.
 10235 | D:10     | Reached **** piety under Kikubaaqudgha
 10235 | D:10     | Noticed a fire dragon
 10627 | D:10     | Killed a fire dragon
 11532 | D:11     | Noticed Sonja
 11537 | D:11     | Killed Sonja
 11544 | D:11     | Your ally Sonja died
 11566 | D:11     | Reached XP level 12. HP: 37/66 MP: 23/32
 11750 | D:11     | Found a hazy altar of Hepliaklqana.
 12261 | Lair:1   | Entered Level 1 of the Lair of Beasts
 12372 | Lair:1   | Identified the amulet of the Shrieking God {Reflect +Blink
                  | Fly rC+++ Dex-5 SH+5}
 12431 | Lair:1   | Reached ***** piety under Kikubaaqudgha
 12915 | Lair:2   | Identified the ring of Kumour {rElec rC+ Int+3 Dex-4 SInv}
 12990 | Lair:2   | Noticed a boulder beetle
 13006 | Lair:2   | Killed a boulder beetle
 13007 | Lair:2   | Reached skill level 15 in Spellcasting
 13085 | Lair:2   | Found a staircase to the Swamp.
 13183 | Lair:2   | Noticed a five-headed hydra
 13195 | Lair:2   | HP: 1/66 [five-headed hydra (13)]
 13196 | Lair:2   | Killed a five-headed hydra
 13226 | Lair:2   | Reached skill level 1 in Armour
 13226 | Lair:2   | Reached skill level 1 in Shields
 13573 | Lair:2   | Noticed a death yak
 13573 | Lair:2   | Noticed a death yak
 13573 | Lair:2   | Noticed a death yak
 13580 | Lair:2   | Noticed a death yak
 13581 | Lair:2   | Noticed a death yak
 13584 | Lair:2   | Noticed a death yak
 13585 | Lair:2   | Killed a death yak
 13591 | Lair:2   | Killed a death yak
 13599 | Lair:2   | Killed a death yak
 13599 | Lair:2   | Killed a death yak
 13600 | Lair:2   | Reached skill level 15 in Necromancy
 13601 | Lair:2   | Killed a death yak
 13602 | Lair:2   | Killed a death yak
 13904 | Lair:3   | Found a hole to the Spider Nest.
 14196 | Lair:3   | Noticed a four-headed hydra
 14206 | Lair:3   | Killed a four-headed hydra
 14207 | Lair:3   | Reached XP level 13. HP: 38/72 MP: 20/34
 14716 | Lair:4   | Found a viscous altar of Jiyva.
 14716 | Lair:4   | Found a staircase to the Slime Pits.
 15060 | Lair:4   | Reached skill level 5 in Fighting
 15708 | Lair:5   | Entered Level 5 of the Lair of Beasts
 16527 | Lair:5   | HP: 1/73 [deep troll shaman (10)]
 16527 | Lair:5   | Slain by a deep troll shaman

Illustrated notes

Levels and vault maps discovered:
D:1:      dpeg_arrival_central, layout_basic, basic_ecumenical_altar,
          minmay_tall_x
D:2:      layout_loops_ring, uniq_sigmund
D:3:      layout_basic
D:4:      layout_layer_cave, okawaru_gym_becter, kennysheep_mini_moat,
          minmay_temple_entry_enclosed_plants, chequers_serial_rivers_micro_d,
          minivault_26, nicolae_shop_firing_range
D:5:      layout_cave_pools
D:6:      layout_gridville, uniq_maggie
D:7:      layout_basic, mainiacjoe_overflow_chevrons,
          mainiacjoe_overflow_small_starburst, uniq_menkaure
D:8:      lemuel_bear_cage, layout_basic, nicolae_overflow_hidden_temple,
          due_lair_maze_entry_diamond, enter_bailey_6, sword_in_stone
D:9:      layout_small_grid, ebering_ghost_disaster_area, water_boxes_lemuel,
          uniq_grum
D:10:     layout_roguey, hiddenorc2_lemuel
D:11:     layout_loops_ring, nicolae_hepliaklqana_monster_ancestors, uniq_sonja
Temple:   kb_temple_of_zot
Lair:1:   layout_gridlike, grunt_forest_small_clearing_treed
Lair:2:   layout_gridlike, minmay_swamp_entry_worms, serial_forest,
          infiniplex_forest_end_3, infiniplex_forest_straight_3,
          infiniplex_forest_zigzag_1, infiniplex_forest_pool,
          infiniplex_forest_end_1, infiniplex_forest_straight_5
Lair:3:   layout_chaotic_city, spider_nest_entry_rubble, patterned_corridor,
          lemuel_fruit_tree, serial_bayou_shore_b, grunt_megastairs_4
Lair:4:   layout_regular_city, nicolae_slime_entry_slimehenge
Lair:5:   grunt_lair_end_beastmaster, layout_gridlike

Skill      XL: |  1  2  3  4  5  6  7  8  9 10 11 12 13 |
---------------+----------------------------------------+-----
Necromancy     | 5 6 7 8 9 11 13 15 16 | 16.1
Spellcasting   | 4 5 6 7 8 9 11 14 15 16 | 16.9
Ranged Weapons | 1 2 3 4 |  4.2
Dodging        | 3 4 5 6 7 8 |  8.6
Stealth        | 3 4 5 7 8 9 |  9.3
Fighting       | 1 2 3 4 5 |  5.4
Short Blades   | 2 4 |  4.0
Poison Magic   | 1 5 7 |  7.0
Armour         | 2 3 |  3.5
Shields        | 2 3 |  3.5

Action                   |  1- 3 |  4- 6 |  7- 9 | 10-12 | 13-15 || total
-------------------------+-------+-------+-------+-------+-------++-------
Melee: Staff             |     1 |       |       |       |       ||     1
       Flail             |       |     5 |    38 |       |       ||    43
       Dagger            |       |       |   194 |   297 |    94 ||   585
       Punch             |       |       |     2 |     3 |     2 ||     7
 Fire: Sling             |    17 |    36 |       |       |       ||    53
Throw: Dart              |       |       |    13 |     4 |       ||    17
       Boomerang         |       |       |    13 |       |       ||    13
 Cast: Necrotise         |    46 |    88 |    98 |    10 |       ||   242
       Vampiric Draining |     2 |     2 |    37 |    45 |    30 ||   116
       Animate Dead      |       |       |    10 |    24 |     6 ||    40
       Agony             |       |       |     5 |    24 |     9 ||    38
       Olgreb's Toxic Ra |       |       |       |    36 |    13 ||    49
       Death Channel     |       |       |       |    12 |     4 ||    16
       Sublimation of Bl |       |       |       |    18 |     7 ||    25
       Dispel Undead     |       |       |       |     4 |       ||     4
Invok: Unearth Wretches  |       |       |     1 |     1 |       ||     2
       Torment           |       |       |       |       |     2 ||     2
Evoke: Wand              |       |       |     9 |    14 |       ||    23
  Use: Scroll            |       |     4 |     6 |     6 |     2 ||    18
       Potion            |       |       |     5 |     1 |       ||     6
 Stab: Sleeping          |       |       |     2 |     4 |     1 ||     7
       Distracted        |       |       |     1 |     8 |       ||     9
       Petrified         |       |       |       |       |     2 ||     2
       Petrifying        |       |       |       |       |     1 ||     1
Armor: Robe              |     1 |    12 |     8 |       |       ||    21
       Steam dragon scal |       |       |   122 |   166 |    60 ||   348
Dodge: Dodged            |     7 |    30 |   236 |   315 |   101 ||   689
Block: Buckler           |       |       |       |       |    13 ||    13
